 Dungeon Crawl Stone Soup version 0.31-a0-744-gbc345e7fcb (webtiles) character file.

Game seed: 6738758154682304286

483 Newt the Cutter (level 6, 0/43 (48) HPs)
             Began as a Demonspawn Gladiator on Sept 13, 2023.
             Was an Initiate of Hepliaklqana.
             Slain by a wight
             ... wielding a +5 dagger of freezing
              (2 damage)
             ... on level 4 of the Dungeon.
             The game lasted 00:05:03 (4275 turns).

Newt the Cutter (Demonspawn Gladiator)              Turns: 4275, Time: 00:05:04

HP:   0/43 (48)     AC: 11    Str: 17    XL:     6   Next: 87%
MP:   0/6           EV: 12    Int:  9    God:    Hepliaklqana [......]
Gold: 247           SH:  0    Dex: 14    Spells: 5/5 levels left

rFire   . . .        v - +3 long sword
rCold   . . .        (no shield)
rNeg    . . .        b - +0 leather armour
rPois   .            c - +1 helmet
rElec   .            (no cloak)
rCorr   .            (no gloves)
SInv    .            (no boots)
Will    .....        j - amulet of guardian spirit
Stlth   +            (no ring)
HPRegen 0.27/turn    (no ring)
MPRegen 0.10/turn

%: guardian spirit
@: sanguine armoured, heavily drained
A: demonic guardian 2, powered by death 1, sanguine armour 1
a: Renounce Religion


You were on level 4 of the Dungeon.
You worshipped Hepliaklqana.
Hepliaklqana was noncommittal.
You visited 1 branch of the dungeon, and saw 5 of its levels.
You also visited: Sewer.

You collected 247 gold pieces.

Inventory:

Hand Weapons
 a - a +0 rapier
 v - a +3 long sword (weapon)
Missiles
 d - 2 throwing nets (quivered)
 e - 7 javelins
Armour
 b - a +0 leather armour (worn)
 c - a +1 helmet (worn)
Jewellery
 g - an amulet of magic regeneration
 j - an amulet of guardian spirit (around neck)
Wands
 s - a wand of flame (9)
Scrolls
 f - 2 scrolls of blinking
 k - a scroll of teleportation
 o - a scroll of brand weapon {unknown}
 t - a scroll of identify {unknown}
Potions
 h - 2 potions of curing
 i - a potion of brilliance {unknown}
 l - a potion of enlightenment {unknown}
 m - a potion of ambrosia {unknown}
 n - a potion of mutation {unknown}
 p - a potion of magic {unknown}
 q - a potion of degeneration {unknown}
 r - 3 potions of cancellation {unknown}
 u - a potion of heal wounds {unknown}


   Skills:
 - Level 4.0 Fighting
 - Level 5.9 Short Blades
 - Level 1.7 Throwing
 + Level 1.9 Armour
 - Level 2.6 Dodging


You had 5 spell levels left.
You didn't know any spells.
Your spell library contained the following spells:

 Spells                   Type           Power      Damage    Failure   Level
 Summon Small Mammal      Summ           0%         N/A       43%         1
 Call Canine Familiar     Summ           0%         N/A       82%         3
 Summon Guardian Golem    Hex/Summ       0%         N/A       82%         3


Dungeon Overview and Level Annotations

Branches:
Dungeon (5/15)              Sewer (visited)
 Temple: D:4-7

Altars:
Gozag
Hepliaklqana
Okawaru
Uskayaw
Xom


Innate Abilities, Weirdness & Mutations

A demonic guardian rushes to your aid.
You regenerate a little health from kills.
When seriously injured, your blood forms armour. (AC +6)


Message History

There is a stone staircase leading up, spattered with blood here.
The wight hits you with a +5 dagger of freezing.
You feel drained. The wight freezes you.
The wight hits you with a +5 short sword.
You feel drained.
You climb upwards.
There is a stone staircase leading down, spattered with blood here.
Unknown command.
The wight hits you with a +5 short sword!
Unknown command.
You closely miss the wight.
The wight hits you with a +5 short sword!
* * * LOW HITPOINT WARNING * * *
A demonic guardian appears!
You feel drained.
* * * LOW HITPOINT WARNING * * *
Unknown command.
You slash the wight!
The wight is heavily damaged.
The wight hits you with a +5 short sword!
* * * LOW HITPOINT WARNING * * *
Your rust devil hits the wight.
Your rust devil corrodes the wight!
Unknown command.
You feel better.
Your rust devil hits the wight.
Your rust devil corrodes the wight!
Unknown command.
You swap places.
The wight hits your rust devil with a +5 short sword.
The wight hits you with a +5 dagger of freezing.
* * * LOW HITPOINT WARNING * * *
You feel drained. The wight freezes you.
* * * LOW HITPOINT WARNING * * *
Your rust devil closely misses the wight.
Unknown command.
You hit the wight.
The wight is moderately damaged.
The wight hits your rust devil with a +5 short sword!
The wight hits you with a +5 dagger of freezing.
* * * LOW HITPOINT WARNING * * *
The wight freezes you.
You die...

..##.##...........#
..##.##.#########.# ...#.##.# #.#
...#.##.####### #.#
.....##.#.....###[#
.................># ###########
..##.##.#.....###.# #..........
........#########z#####..########
#.##.#.....# #.@4z.....#........
#.##.#.....# #.....#####.≈§≈§≈≈§
.....#.....# #.....# #§..≈≈≈.§
.÷####.....# #.....# #≈.≈...≈.
..# #.....# #..<..#####≈.≈._.§§
.<########### #.........#≈.≈...≈.
............# ###.##....#≈.§≈§≈..
###.###.....# #.........#.§§≈§≈≈§
#.....##....# #.........#...§§...


You could see 2 wights and a friendly rust devil (summoned).

Vanquished Creatures
  A phantom (D:3)
  A scorpion (D:4)
  A jelly (D:4)
  Natasha (twice) (D:2)
  4 adders
  2 river rats
  An ufetubus (D:4)
  3 dart slugs
  4 orcs (D:3)
  7 ball pythons
  4 bats
  6 endoplasms
  2 giant cockroaches (D:3)
  4 goblins
  3 hobgoblins
  2 jackals (D:1)
  9 kobolds
  5 quokkas (D:3)
  3 frilled lizards
  11 rats
75 creatures vanquished.

Vanquished Creatures (collateral kills)
  A wight (D:4)
  Natasha (D:2)
  A hell rat (Sewer)
  3 river rats (Sewer)
  2 orcs (D:3)
  2 endoplasms (D:3)
  A goblin (D:3)
  A hobgoblin (D:3)
  A ball python (D:4)
  2 rats (Sewer)
15 creatures vanquished.

Grand Total: 90 creatures vanquished

Notes
Turn   | Place    | Note
-------+----------+-------------------------------------------
     0 | D:1      | Newt the Demonspawn Gladiator began the quest for the Orb.
     0 | D:1      | Reached XP level 1. HP: 16/16 MP: 1/1
    86 | D:1      | Gained mutation: You regenerate a little health from kills.
                  | [demonic ancestry]
    86 | D:1      | Reached XP level 2. HP: 21/23 MP: 2/2
   769 | D:2      | Gained mutation: A weak demonic guardian rushes to your
                  | aid. [demonic ancestry]
   769 | D:2      | Reached XP level 3. HP: 27/29 MP: 3/3
   933 | D:2      | Noticed Natasha
   948 | D:2      | HP: 1/29 [Natasha/magic dart (6)]
   953 | D:2      | Killed Natasha
  1123 | D:2      | Noticed Natasha
  1139 | D:2      | Killed Natasha
  1140 | D:2      | Reached skill level 3 in Short Blades
  1140 | D:2      | Gained mutation: A demonic guardian rushes to your aid.
                  | [demonic ancestry]
  1140 | D:2      | Reached XP level 4. HP: 11/37 MP: 4/4
  1465 | D:2      | Noticed Natasha
  1475 | D:2      | Killed Natasha
  2031 | D:3      | Reached skill level 4 in Short Blades
  2041 | D:3      | Noticed a phantom
  2073 | D:3      | Killed a phantom
  2074 | D:3      | Gained mutation: When seriously injured, your blood forms
                  | armour. (AC +6) [demonic ancestry]
  2074 | D:3      | Reached XP level 5. HP: 15/42 MP: 3/5
  2472 | D:3      | Found an iron altar of Okawaru.
  2477 | D:3      | Found a hide-covered altar of Uskayaw.
  2569 | D:3      | Reached skill level 5 in Short Blades
  2693 | D:3      | Found a glowing drain.
  2701 | Sewer    | Entered a sewer
  2737 | Sewer    | Reached XP level 6. HP: 26/48 MP: 3/6
  3568 | D:4      | Found a hazy altar of Hepliaklqana.
  3576 | D:4      | Became a worshipper of Hepliaklqana the Forgotten
  3647 | D:4      | Found a shimmering altar of Xom.
  3696 | D:4      | Reached skill level 1 in Armour
  3856 | D:4      | Found an opulent altar of Gozag.
  4217 | D:5      | Entered Level 5 of the Dungeon
  4272 | D:4      | HP: 1/44 [wight/+5 short sword (8)]
  4275 | D:4      | Slain by a wight

Illustrated notes

Levels and vault maps discovered:
D:1:      minmay_arrival_hallway, layout_basic
D:2:      layout_basic, uniq_natasha
D:3:      layout_basic, minitemple, gup_sewer_entry_bubbles,
          minmay_fractal_squares_diagonal_5
D:4:      layout_basic, mainiacjoe_overflow_paths, grunt_gozag_statues,
          kennysheep_mini, lemuel_crystal_altar
D:5:      layout_cave_pools

Skill      XL: |  1  2  3  4  5  6 |
---------------+-------------------+-----
Fighting       | 3 4 |  4.0
Short Blades   | 3 4 5 |  5.9
Armour         | 1 |  1.9
Throwing       | |  1.7
Dodging        | |  2.6

Action                     |  1- 3 |  4- 6 || total
---------------------------+-------+-------++-------
  Melee: Rapier            |    84 |   297 ||   381
         Punch             |       |     2 ||     2
         Long sword        |       |     3 ||     3
  Throw: Throwing net      |     2 |       ||     2
    Use: Potion            |     1 |     1 ||     2
         Scroll            |       |     5 ||     5
   Stab: Sleeping          |     1 |     1 ||     2
         Held in net/web   |     1 |       ||     1
 Armour: Leather armour    |    44 |   181 ||   225
  Dodge: Dodged            |    44 |   199 ||   243

Table legend: (Time is in decaauts)
 A = Elapsed time spent in this place.
 B = Non-inter-level travel time spent in this place.
 C = Inter-level travel time spent in this place.
 D = Time resting spent in this place.
 E = Time spent auto-exploring this place.
 F = Levels seen in this place.
 G = Mean time per level.
                   A        B        C        D        E       F      G
               +--------+--------+--------+--------+--------+-----+--------+
         Total |   4314 |   4033 |    281 |    520 |   2511 |   6 |  719.0 |
       Dungeon |   4019 |   3738 |    281 |    520 |   2298 |   5 |  803.8 |
         Sewer |    294 |    294 |      0 |      0 |    213 |   1 |  294.0 |
               +--------+--------+--------+--------+--------+-----+--------+

Top non-repeatable levels by time:
     D:2: 1393 daAuts
     D:3: 1234 daAuts
     D:4: 748 daAuts
     D:1: 621 daAuts
   Sewer: 294 daAuts
     D:5: 22 daAuts
